Map: Acolyte LE

Players

Dakkon

  • Race: Zerg Zerg
  • League: Gold
  • Spawn Location: 1:00

AlbertOcelot - Winner!

  • Race: Terran Terran
  • League: Gold
  • Spawn Location: 7:00

VOD

Have the link to the VOD?

Description

Time

  • Played on: Nov. 1, 2017, 3:19 p.m.
  • Length: 19:42
Show
View Real Time Build Order
Export as new Build Order

Dakkon Zerg 

Build Orders: Hatch First 

Get SALT Encoding   

  12  0:02  Drone  
  13  0:13  Overlord  
  13  0:17  Drone  
  14  0:31  Drone x2  
  14  0:35  Drone  
  17  0:55  Hatchery  
  16  0:58  Drone  
  16  1:01  Drone  
  18  1:05  Extractor  
  17  1:16  Spawning Pool  
  16  1:19  Drone  
  16  1:22  Drone  
  18  1:30  Drone  
  19  1:39  Overlord  
  19  1:52  Drone  
  20  2:03  Queen  
  20  2:05  Zergling x2  
  23  2:11  Queen  
  23  2:14  Metabolic Boost  
  25  2:22  Drone x3  
  28  2:24  Drone  
  29  2:37  Drone x2  
  30  2:47  Queen  
  30  2:48  Queen  
  34  2:54  Drone  
  35  3:16  Roach Warren  
  34  3:40  Drone  
  35  3:41  Overlord  
  35  3:42  Overlord  
  35  3:55  Hatchery  
  34  4:05  Drone x3  
  34  4:06  Drone x5  
  34  4:07  Drone  
  34  4:08  Drone  
  44  4:12  Extractor  
  44  4:14  Extractor  
  44  4:15  Spore Crawler  
  41  4:17  Spore Crawler  
  41  4:23  Drone x2  
  42  4:25  Drone  
  43  4:31  Drone x2  
  43  4:32  Drone  
  46  4:44  Lair, Pneumatized Carapace  
  46  4:47  Evolution Chamber  
  46  4:48  Evolution Chamber  
  44  4:54  Overlord x2  
  44  4:55  Overlord  
  44  5:11  Queen  
  46  5:15  Drone x5  
  46  5:16  Drone x3  
  46  5:17  Drone x2  
  56  5:26  Zerg Ground Armor Level 1, Zerg Missile Weapons Level 1  
  56  5:36  Drone x2  
  56  5:37  Drone x4  
  56  5:40  Spore Crawler  
  61  5:45  Extractor x2  
  59  5:56  Roach x4  
  67  6:03  Glial Reconstitution  
  67  6:12  Hydralisk Den, Overlord  
  67  6:13  Overlord x2  
  66  6:27  Overlord  
  66  6:28  Overlord x2  
  66  6:36  Roach  
  66  6:37  Roach x6  
  66  6:38  Roach x4  
  88  6:40  Overlord  
  88  6:48  Overseer  
  88  6:59  Muscular Augments  
  88  7:00  Hydralisk x5  
  88  7:01  Hydralisk  
  98  7:02  Overlord x2  
  78  7:33  Roach x2  
  78  7:34  Roach x5  
  78  7:35  Hydralisk, Roach x2  
  92  7:38  Zergling x2  
  92  7:39  Zergling x12  
  92  7:40  Zergling x2  
  71  8:13  Hydralisk  
  71  8:14  Hydralisk x4  
  81  8:21  Drone  
  81  8:22  Drone x2  
  84  8:40  Queen  
  86  8:45  Overseer  
  86  8:49  Drone x2  
  86  8:50  Drone  
  86  8:51  Drone x2  
  86  8:52  Drone  
  92  9:00  Zerg Missile Weapons Level 2  
  92  9:04  Zerg Ground Armor Level 2  
  92  9:08  Overseer  
  92  9:23  Hydralisk  
  92  9:24  Hydralisk x3  
  92  9:27  Hydralisk  
  92  9:30  Zergling x8  
  92  9:31  Zergling x10  
  110  9:38  Extractor  
  110  9:39  Drone x3  
  112  10:02  Zergling x6  
  112  10:03  Zergling x14  
  112  10:04  Zergling x2  
  123  10:25  Ravager x6  
  123  10:28  Overlord x3  
  129  10:29  Overlord x3  
  104  11:32  Zergling x4  
  93  11:33  Zergling x14  
  93  11:34  Zergling x12  
  93  11:35  Zergling x10  
  93  11:36  Zergling x2  
  108  11:46  Roach x4  
  108  11:47  Roach x3  
  122  12:03  Roach  
  122  12:04  Roach x5  
  134  12:12  Infestation Pit  
  116  12:20  Roach x5  
  122  12:44  Hydralisk x3  
  122  12:45  Hydralisk x5  
  122  12:46  Hydralisk x2  
  142  12:53  Lair  
  142  13:13  Hatchery  
  142  13:14  Hydralisk  
  142  13:15  Hydralisk x5  
  142  13:16  Extractor, Hydralisk x5  
  142  13:18  Roach x2  
  166  13:20  Extractor  
  165  13:32  Drone x3  
  165  13:33  Drone x3  
  89  14:33  Hydralisk x2  
  89  14:34  Hydralisk x6  
  89  14:35  Hydralisk x7  
  89  14:36  Hydralisk x6  
  89  14:37  Hydralisk  
  104  14:57  Hydralisk  
  104  14:58  Hydralisk x5  
  88  15:16  Hydralisk x3  
  88  15:44  Hydralisk x3  
  88  15:45  Hydralisk x6  
  106  15:59  Overseer x3  
  106  16:00  Extractor x2, Hydralisk x2, Hatchery  
  106  16:01  Hydralisk x6  
  106  16:02  Hydralisk x2  
  123  16:14  Hydralisk  
  123  16:15  Hydralisk x3  
  131  16:35  Hydralisk x6  
  131  16:36  Overlord  
  143  16:42  Hive  
  143  17:22  Hydralisk x4  
  145  17:23  Hydralisk x4  
  159  17:58  Ultralisk Cavern  
  158  17:59  Overlord x3  
  28  18:45  Ultralisk  
  28  18:47  Ultralisk  
Show
View Real Time Build Order
Export as new Build Order

AlbertOcelot Terran - Winner!

Build Orders: MMM Bio 

Get SALT Encoding   

  12  0:01  SCV  
  13  0:13  SCV  
  14  0:18  Supply Depot  
  14  0:25  SCV  
  15  0:30  Refinery  
  15  0:41  Barracks  
  15  0:45  SCV  
  16  0:57  SCV  
  16  1:03  Supply Depot  
  17  1:10  SCV  
  18  1:22  SCV  
  19  1:30  Reaper  
  20  1:36  Orbital Command  
  20  1:40  Refinery  
  20  1:55  Factory  
  20  2:04  SCV  
  21  2:11  Barracks Reactor  
  21  2:16  SCV  
  22  2:28  SCV  
  23  2:34  Command Center  
  23  2:38  Barracks  
  23  2:40  Factory Tech Lab  
  23  2:49  Marine  
  23  2:50  Marine  
  25  3:15  SCV  
  26  3:27  SCV  
  26  3:37  Barracks Reactor  
  26  3:39  SCV  
  27  3:49  Marine, Stimpack  
  27  3:50  SCV  
  27  3:52  SCV  
  31  4:04  SCV  
  31  4:05  Supply Depot  
  31  4:06  Supply Depot  
  31  4:07  Marine  
  32  4:10  Orbital Command  
  32  4:14  Hellion x2  
  32  4:16  SCV  
  37  4:20  Armory  
  37  4:24  Marine  
  37  4:25  Marine  
  37  4:26  Marine  
  37  4:31  SCV  
  41  4:32  Starport  
  41  4:42  Marine x2, Hellion  
  41  4:43  Marine  
  46  4:57  SCV x2, Hellion  
  46  4:59  Marine  
  50  5:00  Marine  
  50  5:01  Marine  
  53  5:09  SCV  
  54  5:16  Cyclone  
  54  5:17  Marine  
  54  5:18  Cyclone, Marine  
  62  5:33  Supply Depot  
  62  5:34  Supply Depot  
  62  5:35  Supply Depot  
  62  5:37  Supply Depot  
  62  5:41  Refinery x2  
  62  5:53  Combat Shields  
  62  5:55  SCV x2, Marine x3, Cyclone  
  70  5:59  Cyclone  
  70  6:03  Medivac  
  75  6:07  SCV  
  76  6:12  Marine x3  
  79  6:27  Cyclone  
  79  6:30  Marine  
  79  6:31  Marauder  
  79  6:32  Cyclone  
  88  6:33  Medivac  
  88  6:36  SCV x2  
  92  6:48  SCV  
  92  6:49  SCV  
  94  6:55  Command Center  
  94  7:08  Supply Depot  
  94  7:11  Supply Depot  
  94  7:16  SCV, Marine x2  
  94  7:18  SCV, Marine  
  94  7:30  SCV  
  94  7:34  Marine  
  94  7:36  Marine  
  64  7:54  Marine x3  
  64  7:56  Cyclone  
  64  7:57  Cyclone  
  64  7:58  Medivac  
  61  8:12  Marine x3  
  64  8:28  SCV x2, Cyclone, Medivac  
  64  8:29  Cyclone  
  64  8:30  Marine x3  
  64  8:31  Orbital Command  
  77  8:40  SCV x2  
  79  8:48  Marine x3  
  82  8:49  Barracks  
  82  8:52  SCV x2, Barracks  
  82  8:55  Factory  
  84  9:00  Supply Depot  
  84  9:04  Cyclone x2, Engineering Bay  
  84  9:05  Supply Depot, Marine x2  
  84  9:06  Marine, Medivac  
  95  9:19  Terran Vehicle Weapons Level 1  
  95  9:23  Marine x2  
  97  9:25  Engineering Bay, Armory  
  97  9:26  Marine  
  97  9:28  Concussive Shells  
  98  9:36  Cyclone x2, Medivac  
  106  9:39  Factory Tech Lab  
  106  9:41  Barracks Reactor x2, Marine x2  
  106  9:44  Marine  
  109  9:54  Unknown  
  109  9:58  SCV x3  
  109  9:59  Marine x2  
  114  10:02  Hellbat, Marine  
  114  10:06  Refinery  
  117  10:08  Cyclone, Refinery  
  117  10:09  Cyclone  
  117  10:10  SCV  
  124  10:17  Marine x2  
  124  10:20  Marine  
  127  10:24  Hellbat  
  127  10:26  Starport Reactor, Terran Vehicle And Ship Armor Level 1  
  129  10:29  Terran Infantry Weapons Level 1  
  129  10:30  Terran Infantry Armor Level 1  
  129  10:34  Marine  
  129  10:35  Marine  
  131  10:41  Hellbat x2, Marine x4  
  131  10:42  Marine  
  140  10:52  Marine  
  141  11:05  Supply Depot  
  141  11:06  Supply Depot x2  
  141  11:07  Supply Depot  
  141  11:09  Marine  
  141  11:11  Marine  
  141  11:12  Marine x2  
  141  11:15  Liberator  
  141  11:16  Liberator  
  141  11:18  Marine  
  141  11:19  Hellbat, SCV x3, Marine x2  
  141  11:21  Hellbat x2  
  126  11:26  Marine  
  126  11:29  Marine  
  126  11:30  Marine x2  
  126  11:31  SCV x2  
  110  11:36  Marine x3  
  98  11:40  Siege Tank  
  98  11:44  Marine  
  98  11:46  Marine  
  103  11:58  Liberator x2  
  103  12:01  Barracks  
  103  12:02  Factory Tech Lab  
  103  12:06  Marauder  
  105  12:08  Marine x2  
  105  12:09  Marine x4  
  105  12:12  Siege Tank  
  115  12:23  Infernal Pre-Igniter  
  115  12:26  Marine x3  
  115  12:27  Marine x3, Marauder  
  115  12:28  Terran Infantry Armor Level 2, Terran Infantry Weapons Level 2  
  115  12:29  Terran Vehicle Weapons Level 2  
  123  12:30  Terran Vehicle And Ship Armor Level 2  
  123  12:32  SCV  
  123  12:33  SCV x2  
  126  12:44  Marine x2, Siege Tank  
  126  12:49  Marauder  
  133  12:53  Hellbat  
  133  12:55  Marine  
  136  13:03  Command Center  
  136  13:09  Refinery  
  136  13:10  Marauder  
  136  13:12  Refinery  
  138  13:14  Hellbat  
  138  13:17  Siege Tank  
  143  13:21  SCV x2  
  143  13:22  SCV  
  146  13:32  Marine x7  
  153  13:36  Hellbat  
  155  13:49  Marine x3, Siege Tank  
  155  13:50  Marine x4  
  165  14:07  Marine x4  
  165  14:08  Marine x2  
  104  14:44  Marine x5  
  104  14:45  Marine x2, Terran Ship Weapons Level 1  
  101  14:48  Siege Tank x2  
  101  14:50  Viking x2  
  106  15:02  Marine x6  
  97  15:20  Viking, Siege Tank  
  92  15:22  Marine x7  
  92  15:24  Medivac  
  101  15:35  Planetary Fortress  
  101  15:39  Marine  
  101  15:40  Marine x2  
  101  15:41  Marauder  
  106  15:46  SCV x2  
  104  15:50  Medivac  
  104  15:54  Medivac  
  108  16:00  Marine x6  
  108  16:02  Marauder  
  108  16:03  Siege Tank x2  
  122  16:07  Liberator  
  122  16:18  Marine x6  
  125  16:19  Terran Infantry Weapons Level 3  
  125  16:20  Medivac  
  125  16:23  Terran Infantry Armor Level 3, Marine  
  134  16:30  Terran Vehicle Weapons Level 3  
  134  16:32  Liberator  
  134  16:35  Marine, Siege Tank x2  
  134  16:36  Marine x2  
  134  16:39  Terran Vehicle And Ship Armor Level 3  
  143  16:41  Marine x2  
  143  16:42  Marine x2  
  147  16:52  SCV  
  147  16:53  Marine  
  147  16:54  Supply Depot x2  
  152  16:55  Supply Depot  
  152  17:07  Viking  
  154  17:14  Marine x4  
  154  17:15  Marine x3  
  161  17:32  Marine x5, Viking  
  161  17:33  Marine  
  169  17:37  Viking  
  171  17:45  Hellbat x2  
  171  17:50  Marine x4, Marauder  
  171  17:51  Marine x2  
  183  18:04  Command Center  
  183  18:06  Hellbat  
  183  18:07  Hellbat  
  183  18:11  Marauder  
  183  18:32  Marauder  
  171  18:54  Marauder  
  171  19:40  Refinery x2  
Tags
 
Composition
MMM Bio
League
GoldGold
Matchup
TvZ
Spawn Locations
Cross Positions
Add a new tag
Caveats
  • Supply blocks, unpowered buildings, or Contaminate may cause inaccurate times.
  • Supply counts are checked every 10 seconds.